 Dungeon Crawl Stone Soup version 0.31.0-32-g396128a36d (webtiles) character file.

Game seed: 11171014373621284204

508 Peloso the Slasher (level 6, 0/56 HPs)
             Began as a Minotaur Fighter on Mar 22, 2024.
             Slain by Pikel
             ... wielding a +0 whip of freezing
              (4 damage)
             ... on level 4 of the Dungeon.
             The game lasted 00:04:45 (3977 turns).

Peloso the Slasher (Minotaur Fighter)               Turns: 3977, Time: 00:04:45

Health: 0/56       AC:  9    Str: 21    XL:     6   Next: 98%
Magic:  5/5        EV: 10    Int:  5    God:
Gold:   219        SH:  5    Dex: 11    Spells: 5/5 levels left

rFire   . . .        a - +0 long sword
rCold   . . .        c - +0 buckler
rNeg    . . .        b - +1 scale mail
rPois   .            (helmet restricted)
rElec   .            (no cloak)
rCorr   .            p - +0 pair of gloves
SInv    .            (no boots)
Will    .....        (no amulet) Stlth
                     (no ring)
HPRegen 0.29/turn    (no ring)
MPRegen 0.09/turn

%: no passive effects
@: no status effects
A: horns 2, retaliatory headbutt
a: no special abilities


You were on level 4 of the Dungeon.
You visited 1 branch of the dungeon, and saw 4 of its levels.

You collected 219 gold pieces.

Inventory:

Hand Weapons
 a - a +0 long sword (weapon)
Armour
 b - a +1 scale mail (worn)
 c - a +0 buckler (worn)
 p - a +0 pair of gloves (worn)
Wands
 q - a wand of polymorph (3)
Scrolls
 h - a scroll of enchant weapon {unknown}
 j - a scroll of enchant armour
 k - a scroll of identify {unknown}
 o - a scroll of summoning {unknown}
Potions
 d - a potion of might
 e - a potion of heal wounds {unknown}
 f - a potion of resistance {unknown}
 g - a potion of magic {unknown}
 i - a potion of haste {unknown}
 l - a potion of brilliance {unknown}
 m - 2 potions of curing {unknown}
 n - 2 potions of berserk rage {unknown}
 r - a potion of cancellation {unknown}


   Skills:
 + Level 5.3 Fighting
 + Level 5.8 Long Blades
 + Level 5.5 Armour
 + Level 1.7 Dodging
 + Level 0.4 Stealth
 + Level 4.6 Shields


You had 5 spell levels left.
You didn't know any spells.
Your spell library contained the following spells:

 Spells                   Type           Power      Damage    Failure   Level
 Sting                    Conj/Alch      0%         1d3       86%         1
 Blink                    Tloc           0%         N/A       94%         2
 Lesser Beckoning         Tloc           0%         N/A       94%         2
 Mercury Vapours          Alch/Air       0%         N/A       94%         2
 Momentum Strike          Conj/Tloc      0%         3d8       94%         2
 Olgreb's Toxic Radiance  Alch           0%         N/A       100%        4


Dungeon Overview and Level Annotations

Branches:
Dungeon (4/15)
 Temple: D:4-7

Altars:
Sif Muna
Wu Jian

Annotations:
D:3 1 runed translucent door, Crazy Yiuf
D:4 Pikel


Innate Abilities, Weirdness & Mutations

You have a pair of horns on your head.
You reflexively headbutt those who attack you in melee.


Message History

You slash Pikel!
Pikel is moderately wounded.
The lemure misses you. Pikel hits you but does no damage. The lemure hits you.
You closely miss Pikel. You headbutt Pikel!
Pikel is heavily wounded.
You block Pikel's attack. The lemure closely misses you.
You block the lemure's attack.
Pikel hits you with a +0 whip of freezing.
Pikel freezes you. The lemure completely misses you.
You hit Pikel.
Pikel is heavily wounded.
The lemure closely misses you. The lemure hits you.
Pikel hits you with a +0 whip of freezing.
Pikel freezes you.
You hit Pikel but do no damage.
Pikel is heavily wounded.
The lemure hits you but does no damage. The lemure hits you.
Pikel says, "You'll feel the lick of my whip!"
Pikel closely misses you.
You hit Pikel.
Pikel is heavily wounded.
The lemure hits you but does no damage. x2; You block Pikel's attack.
The lemure hits you!
* * * LOW HITPOINT WARNING * * *
You barely miss Pikel.
Pikel is heavily wounded.
The lemure hits you but does no damage. You block Pikel's attack.
You block the lemure's attack.
You hit Pikel. You headbutt Pikel!
Pikel is almost dead.
Pikel hits you with a +0 whip of freezing.
* * * LOW HITPOINT WARNING * * *
Pikel freezes you.
* * * LOW HITPOINT WARNING * * *
The lemure hits you but does no damage. The lemure barely misses you.
Pikel hits you with a +0 whip of freezing!
* * * LOW HITPOINT WARNING * * *
Pikel freezes you.
You die...
Pikel says, "See you in Hell!"

.......#.........+......<...'.รท..
.......#.........#..........#....
.......#'###..<..#######...)#....
######.....#...........#..).#...#
.....#.....########....#....#...#
.....#.....#.....##....#....#....
.....#.....#....5......#....#....
.....#.[...#...5K##....#....#....
##'###.....#...5@#######....#....
......##'###......# #....#....
......#....#......# #....#..##
......'....#.....## #....#..##
......#...##.....## #.>..#....
####'#######......# #....#....
..........'.......# #....#####
..........#.......# #.........
.....##...##(.....# #.........


You could see Pikel and 3 lemures.

Vanquished Creatures
  Menkaure (D:4)
  A lemure (D:4)
  A scorpion (D:4)
  A bombardier beetle (D:4)
  An orc priest (D:4)
  An iguana (D:4)
  Ijyb (D:4)
  3 gnolls
  9 adders
  2 dart slugs
  A ribbon worm (D:3)
  5 orcs
  8 endoplasms
  4 giant cockroaches
  9 goblins
  10 hobgoblins
  6 jackals
  2 quokkas
  7 ball pythons
  11 bats
  2 frilled lizards
  4 kobolds
  6 rats
96 creatures vanquished.

Notes
Turn   | Place    | Note
-------+----------+-------------------------------------------
     0 | D:1      | Peloso the Minotaur Fighter began the quest for the Orb.
     0 | D:1      | Reached XP level 1. HP: 19/19 MP: 0/0
   320 | D:1      | Reached XP level 2. HP: 27/27 MP: 1/1
   617 | D:1      | Found a faded altar of an unknown god.
   873 | D:2      | Reached XP level 3. HP: 33/34 MP: 2/2
  1230 | D:2      | Reached XP level 4. HP: 32/41 MP: 3/3
  1832 | D:2      | Reached skill level 1 in Dodging
  2313 | D:3      | Found a runed translucent door.
  2314 | D:3      | Noticed Crazy Yiuf
  2384 | D:3      | Reached XP level 5. HP: 47/47 MP: 4/4
  2971 | D:4      | Reached skill level 5 in Armour
  3075 | D:4      | Noticed a lemure
  3075 | D:4      | Noticed Pikel
  3107 | D:4      | Killed a lemure
  3144 | D:4      | Found an ornate altar of the Wu Jian Council.
  3329 | D:4      | Noticed Ijyb
  3348 | D:4      | Killed Ijyb
  3357 | D:4      | Found a shimmering blue altar of Sif Muna.
  3415 | D:4      | Reached skill level 5 in Fighting
  3415 | D:4      | Reached skill level 5 in Long Blades
  3415 | D:4      | Reached XP level 6. HP: 41/56 MP: 5/5
  3876 | D:4      | Noticed Menkaure
  3882 | D:4      | Killed Menkaure
  3977 | D:4      | Slain by Pikel

Illustrated notes

Levels and vault maps discovered:
D:1:      minmay_arrival_pointy, layout_basic, shapermc_ecumenical_altar_ellora
D:2:      minmay_general_purpose_star, layout_loops_corners,
          small_statue_intersection
D:3:      layout_loops_ring, uniq_crazy_yiuf_cottage
D:4:      layout_gridville, mainiacjoe_overflow_small_starburst,
          mainiacjoe_overflow_brackets, guppyfry_early_lair_pool, uniq_menkaure,
          uniq_ijyb, uniq_pikel

Skill      XL: |  1  2  3  4  5 |
---------------+----------------+-----
Fighting       | 4 5 |  5.3
Armour         | 4 5 |  5.5
Shields        | 4 |  4.6
Long Blades    | 3 5 |  5.8
Dodging        | 1 |  1.7
Stealth        | |  0.4

Action                     |  1- 3 |  4- 6 || total
---------------------------+-------+-------++-------
  Melee: Long sword        |    96 |   188 ||   284
         Headbutt          |     8 |    21 ||    29
    Use: Scroll            |     3 |     2 ||     5
         Potion            |     1 |       ||     1
 Armour: Scale mail        |    90 |   153 ||   243
  Dodge: Dodged            |    56 |   108 ||   164
  Block: Buckler           |    31 |    47 ||    78
